 Dungeon Crawl Stone Soup version 0.30.0-29-ga12c61a403 (webtiles) character file.

Game seed: 8474928603055240994

62 FallenXxXSky the Slasher (level 4, 0/38 HPs)
             Began as a Gnoll Wanderer on June 17, 2023.
             Killed from afar by Sigmund (10 damage)
             ... with a puff of flame
             ... on level 2 of the Dungeon.
             The game lasted 00:03:28 (1370 turns).

FallenXxXSky the Slasher (Gnoll Wanderer)           Turns: 1370, Time: 00:03:28

Health: 0/38       AC:  7    Str: 13    XL:     4   Next: 8%
Magic:  8/8        EV:  9    Int:  8    God:
Gold:   122        SH:  0    Dex: 15    Spells: 7/8 levels left

rFire   . . .        a - +0 falchion
rCold   . . .        (no shield)
rNeg    . . .        e - +0 scale mail
rPois   .            (no helmet)
rElec   .            (no cloak)
rCorr   .            (no gloves)
SInv    .            b - +0 pair of boots
Will    .....        (no amulet)
Stlth   +            (no ring)
HPRegen 0.26/turn    (no ring)
MPRegen 0.11/turn

%: no passive effects
@: no status effects
A: fangs 1, strong nose, distributed training
a: no special abilities


You were on level 2 of the Dungeon.
You visited 1 branch of the dungeon, and saw 2 of its levels.

You collected 122 gold pieces.

Inventory:

Hand Weapons
 a - a +0 falchion (weapon)
Armour
 b - a +0 pair of boots (worn)
 e - a +0 scale mail (worn)
Scrolls
 c - a scroll of fear
 d - 2 scrolls of noise {unknown}
 f - 2 scrolls of identify {unknown}
 h - a scroll of summoning {unknown}
 j - a scroll of enchant armour {unknown}
Potions
 g - 2 potions of attraction {unknown}
 i - 2 potions of curing {unknown}
 k - a potion of cancellation {unknown}
 l - 2 potions of mutation {unknown}


   Skills:
 + Level 4.6 Fighting
 + Level 1.0 Short Blades
 + Level 4.6 Long Blades
 + Level 1.0 Axes
 + Level 1.0 Maces & Flails
 + Level 1.0 Polearms
 + Level 1.0 Staves
 + Level 1.0 Ranged Weapons
 + Level 1.0 Throwing
 + Level 2.7 Armour
 + Level 1.0 Dodging
 + Level 4.2 Stealth
 + Level 1.0 Shields
 + Level 1.0 Unarmed Combat
 + Level 2.9 Spellcasting
 + Level 0.8 Conjurations
 + Level 0.8 Hexes
 + Level 0.8 Summonings
 + Level 0.8 Necromancy
 + Level 0.8 Translocations
 + Level 0.8 Transmutations
 + Level 0.8 Fire Magic
 + Level 0.8 Ice Magic
 + Level 0.8 Air Magic
 + Level 3.8 Earth Magic
 + Level 0.8 Poison Magic
 + Level 1.1 Invocations
 + Level 1.0 Evocations


You had 7 spell levels left.
You knew the following spells:

 Your Spells              Type           Power      Damage    Failure   Level
a - Sandblast             Erth           14%        2d6       30%         1

Your spell library contained the following spells:

 Spells                   Type           Power      Damage    Failure   Level
 Blink                    Tloc           4%         N/A       85%         2
 Lesser Beckoning         Tloc           4%         N/A       85%         2
 Momentum Strike          Conj/Tloc      4%         3d8       85%         2
 Animate Armour           Summ/Erth      8%         N/A       99%         4
 Petrify                  Tmut/Erth      4%         N/A       99%         4


Dungeon Overview and Level Annotations

Branches:
Dungeon (2/15)

Altars:

Annotations:
D:2 Sigmund


Innate Abilities, Weirdness & Mutations

You have very sharp teeth.
Your uncanny sense of smell can sniff out nearby items.
Your experience applies equally to all skills.


Message History

The blast of sand hits Sigmund.
Sigmund is moderately wounded.
Sigmund zaps a wand.
The puff of flame hits you.
Sigmund points at you and mumbles some strange words.
You are confused.
Unknown command.
You're too confused to cast spells.
Unknown command.
Unknown command.
You completely miss Sigmund. Your bite misses Sigmund.
Sigmund is moderately wounded.
Sigmund laughs darkly.
Sigmund hits you with a +2 scythe of freezing!
Sigmund freezes you.
You're too confused to move!
Sigmund barely misses you.
You're too confused to move!
Sigmund zaps a wand.
The puff of flame hits you. Sigmund misses you.
You're too confused to move!
You're too confused to move!
You feel less confused.
Sigmund casts a spell.
Sigmund flickers and vanishes!
Deactivating autopickup; reactivate with Ctrl-A.
Something hits you. Something freezes you.
A puff of flame appears from out of thin air!
The puff of flame hits you!
* * * LOW HITPOINT WARNING * * *
The bat hits you.
* * * LOW HITPOINT WARNING * * *
You hear a zap.
A puff of flame appears from out of thin air!
The puff of flame misses you. The bat hits you but does no damage.
The bat barely misses you. The bat attacks as you move away!
The bat hits you but does no damage. The bat closely misses you.
The bat misses you.
You hear a zap.
A puff of flame appears from out of thin air!
The puff of flame hits you!
You die...

#......# #..# ##.##...####
#..# #.. #......#
#..#####.###{.###..#
#..##.........### .##
#..##...........# ..# .
#..##.........#.###.##..
##..##.................
##.†..#..@b.....##..#.#
#...#.#..........##...###
###.#.#†#............#....#
#.....#.<...÷.....##.#..#...
#.........#######.##.##..##.
#.....###.#######.##...#..#
#.....# #.#.....#.####. #.#
#.....# #.#.....#.## ##. ..
#####.# #.#.....#..# ##..#


You could see a bat.

Vanquished Creatures
  Natasha (D:2)
  An adder (D:2)
  A dart slug (D:1)
  4 ball pythons
  7 bats
  2 hobgoblins
  2 jackals (D:1)
  A quokka (D:1)
  2 frilled lizards
  2 kobolds
  4 rats
27 creatures vanquished.

Notes
Turn   | Place    | Note
-------+----------+-------------------------------------------
     0 | D:1      | FallenXxXSky the Gnoll Wanderer began the quest for the
                  | Orb.
     0 | D:1      | FallenXxXSky set off with the following items: a +0
                  | falchion, a +0 pair of boots, a scroll of fear, a +0
                  | leather armour; and the following spell memorised:
                  | Sandblast; and the following spells available to memorise:
                  | Animate Armour, Petrify.
     0 | D:1      | Reached XP level 1. HP: 20/20 MP: 4/4
   494 | D:1      | Reached XP level 2. HP: 26/26 MP: 5/5
  1020 | D:2      | Reached XP level 3. HP: 31/31 MP: 7/7
  1024 | D:2      | Noticed Natasha
  1033 | D:2      | Killed Natasha
  1034 | D:2      | Reached skill level 1 in Short Blades
  1034 | D:2      | Reached skill level 1 in Axes
  1034 | D:2      | Reached skill level 1 in Maces & Flails
  1034 | D:2      | Reached skill level 1 in Polearms
  1034 | D:2      | Reached skill level 1 in Staves
  1034 | D:2      | Reached skill level 1 in Ranged Weapons
  1034 | D:2      | Reached skill level 1 in Throwing
  1034 | D:2      | Reached skill level 1 in Dodging
  1034 | D:2      | Reached skill level 1 in Shields
  1034 | D:2      | Reached skill level 1 in Unarmed Combat
  1034 | D:2      | Reached skill level 1 in Invocations
  1034 | D:2      | Reached skill level 1 in Evocations
  1036 | D:2      | Reached XP level 4. HP: 27/38 MP: 1/8
  1098 | D:2      | Noticed Sigmund
  1370 | D:2      | Killed from afar by Sigmund

Illustrated notes

Levels and vault maps discovered:
D:1:      scummos_arrival_checkerplants, layout_basic
D:2:      minmay_diamond_boxcup, layout_rooms, chequers_ecumenical_altar_lobes,
          uniq_natasha, uniq_sigmund

Skill      XL: |  1  2  3 |
---------------+----------+-----
Short Blades   | 1 |  1.0
Axes           | 1 |  1.0
Maces & Flails | 1 |  1.0
Polearms       | 1 |  1.0
Staves         | 1 |  1.0
Ranged Weapons | 1 |  1.0
Throwing       | 1 |  1.0
Dodging        | 1 |  1.0
Shields        | 1 |  1.0
Unarmed Combat | 1 |  1.0
Invocations    | 1 |  1.1
Evocations     | 1 |  1.0
Fighting       | |  4.6
Long Blades    | |  4.6
Armour         | |  2.7
Stealth        | |  4.2
Spellcasting   | |  2.9
Conjurations   | |  0.8
Hexes          | |  0.8
Summonings     | |  0.8
Necromancy     | |  0.8
Translocations | |  0.8
Transmutations | |  0.8
Fire Magic     | |  0.8
Ice Magic      | |  0.8
Air Magic      | |  0.8
Earth Magic    | |  3.8
Poison Magic   | |  0.8

Action                     |  1- 3 |  4- 6 || total
---------------------------+-------+-------++-------
  Melee: Falchion          |    57 |    15 ||    72
         Bite              |     6 |     1 ||     7
   Cast: Sandblast         |     8 |     6 ||    14
   Stab: Sleeping          |     3 |     1 ||     4
 Armour: Leather armour    |    20 |       ||    20
         Scale mail        |     9 |    26 ||    35
  Dodge: Dodged            |    43 |    25 ||    68
